 Dungeon Crawl Stone Soup version 0.27-a0-1181-g5f64966fcc (webtiles) character file.

Game seed: 8303771046088492028

640 wakim the Sneak (level 7, -4/42 HPs)
             Began as a Kobold Brigand on May 17, 2021.
             Was a Believer of Uskayaw.
             Slain by an ogre
             ... wielding a +0 giant spiked club
              (28 damage)
             ... on level 5 of the Dungeon.
             The game lasted 00:09:43 (5432 turns).

wakim the Sneak (Kobold Brigand)                    Turns: 5432, Time: 00:09:44

Health: -4/42      AC:  7    Str:  8    XL:     7   Next: 80%
Magic:  7/7        EV: 14    Int: 12    God:    Uskayaw [**....]
Gold:   246        SH:  5    Dex: 19    Spells: 6/6 levels left

rFire    + . .     SeeInvis .   a - +3 dagger
rCold    + . .     Faith    .   (shield restricted)
rNeg     . . .     Spirit   .   f - +1 ring mail {rF+}
rPois    .         Reflect  +   (no helmet)
rElec    .         Harm     .   c - +0 cloak
rCorr    .         Rampage  .   (no gloves)
Will     .....                  (no boots)
Stlth    ++++......             m - amulet of reflection
HPRegen  0.14/turn              i - ring of wizardry
MPRegen  0.10/turn              o - ring of protection from cold

@: no status effects
A: small, no large weapons, nightstalker 3
a: Renounce Religion, Stomp, Line Pass


You were on level 5 of the Dungeon.
You worshipped Uskayaw.
Uskayaw was noncommittal.
You visited 2 branches of the dungeon, and saw 6 of its levels.

You collected 246 gold pieces.

Inventory:

Hand Weapons
 a - a +3 dagger (weapon)
Missiles
 d - 38 poisoned darts (quivered)
 e - 2 curare-tipped darts {=f}
 l - 8 atropa-tipped darts
Armour
 c - a +0 cloak (worn)
 f - a +1 ring mail of fire resistance (worn)
Jewellery
 i - a ring of wizardry (left hand)
 m - an amulet of reflection (around neck)
 o - a ring of protection from cold (right hand)
Wands
 w - a wand of acid (12)
 x - a wand of iceblast (3)
 y - a wand of paralysis (10)
Scrolls
 b - a scroll of enchant weapon
 U - 2 scrolls of fear
 Y - a scroll of blinking {!r}
Potions
 g - a potion of curing {unknown}
 h - a potion of berserk rage {unknown}
 j - a potion of haste {unknown}
 k - a potion of resistance {unknown}
 n - a potion of attraction {unknown}
 q - a potion of degeneration {unknown}
 D - 2 potions of brilliance
 K - a potion of magic
 L - 3 potions of lignification {!q}
 M - 2 potions of mutation {!q}
 N - 3 potions of might


   Skills:
 + Level 3.9 Fighting
 * Level 6.4 Short Blades
 - Level 2.1 Throwing
 * Level 5.4 Dodging
 + Level 6.9 Stealth
 * Level 1.1 Invocations


You had 6 spell levels left.
You didn't know any spells.
Your spell library contained the following spells:

 Spells                   Type           Power      Damage    Failure   Level
 Animate Skeleton         Necr           0%         N/A       38%         1
 Corona                   Hex            0%         N/A       38%         1
 Pain                     Necr           0%         1d4       38%         1
 Ensorcelled Hibernation  Hex/Ice        0%         N/A       50%         2
 Confusing Touch          Hex            0%         N/A       73%         3
 Dazzling Flash           Conj/Hex       0%         N/A       73%         3
 Tukima's Dance           Hex            0%         N/A       73%         3
 Vampiric Draining        Necr           0%         2d6       73%         3
 Animate Dead             Necr           0%         N/A       98%         4
 Agony                    Necr           0%         N/A       100%        5


Dungeon Overview and Level Annotations

Branches:
Dungeon (5/15)             Temple (1/1) D:4

Altars:
Ashenzari
Cheibriados
Dithmenos
Elyvilon
Fedhas
Gozag
Hepliaklqana
Kikubaaqudgha
Makhleb
Nemelex Xobeh
Okawaru
Qazlal
Ru
Sif Muna
Trog
Uskayaw
Vehumet
Wu Jian
Xom
Yredelemnul
Zin
The Shining One


Innate Abilities, Weirdness & Mutations

You are small and have problems with some larger weapons.
You are completely attuned to the shadows.


Message History

You hit the iguana but do no damage.
The iguana is almost dead.
The iguana bites you.
* * * LOW HITPOINT WARNING * * *
You hit the iguana but do no damage.
The iguana is almost dead.
The iguana closely misses you.
You hit the iguana.
You kill the iguana!
You can now stomp with the beat.
Magic restored.
HP restored.
A water moccasin skeleton comes into view.
The helpless water moccasin skeleton fails to defend itself.
You spit the water moccasin skeleton like a pig!!!
You destroy the water moccasin skeleton!
Your Invocations skill increases to level 1!
An ogre comes into view. It is wielding a +0 giant spiked club.
The ogre shouts!
You hit the ogre but do no damage.
The ogre hits you with a +0 giant spiked club!!
You hit the ogre.
The ogre is lightly wounded.
You hit the ogre.
The ogre is lightly wounded.
The ogre closely misses you.
Unknown command.
You hit the ogre.
The ogre is moderately wounded.
You can now pass through a line of other dancers.
You hit the ogre but do no damage.
The ogre is moderately wounded.
You block the ogre's attack.
You barely miss the ogre.
The ogre is moderately wounded.
You hit the ogre.
The ogre is moderately wounded.
The ogre hits you with a +0 giant spiked club!!
Ouch! That really hurt!
You die...

#≈._.≈#.....
.......#...
#≈...≈#.....
.......#...
#.≈≈≈.#.....
.......#...
#.....#.....
......#+##
.#...#.##........#
......#...
..#.#...#........#
......#... ...#....#
.......# ......#...
........# ....O#
#......#... ...##+###
....@+ #......#...
#### .....#
#......#... .....#
#......#...
.....######......#...
........>.....####+##
..............#
..............#
..............#
..............#


You could see an ogre.

Vanquished Creatures
  Sigmund (D:3)
  The ghost of kilomeow the Insei, an amateur DjTm (D:3)
  A phantom (D:4)
  A water moccasin skeleton (D:5)
  2 orc priests (D:5)
  A bullfrog skeleton (D:5)
  An iguana (D:5)
  Terence (D:3)
  Ijyb (D:5)
  5 adders
  A worm (D:3)
  2 dart slugs
  2 orcs (D:4)
  5 bats
  7 endoplasms
  2 giant cockroaches (D:1)
  5 goblins
  7 hobgoblins
  4 jackals (D:3)
  2 kobolds
  4 quokkas
  3 ball pythons
  3 frilled lizards
  6 rats (D:1)
68 creatures vanquished.

Notes
Turn   | Place    | Note
-------+----------+-------------------------------------------
     0 | D:1      | wakim the Kobold Brigand began the quest for the Orb.
     0 | D:1      | Reached XP level 1. HP: 12/12 MP: 1/1
   112 | D:1      | Reached XP level 2. HP: 17/17 MP: 2/2
   616 | D:1      | Reached XP level 3. HP: 17/22 MP: 3/3
  1502 | D:2      | Found a stormy altar of Qazlal.
  1832 | D:3      | Noticed Terence
  1834 | D:3      | Killed Terence
  1835 | D:3      | Reached XP level 4. HP: 27/27 MP: 4/4
  1907 | D:3      | Found a runed translucent door.
  1907 | D:3      | Noticed kilomeow's ghost (amateur DjTm)
  2240 | D:3      | Reached XP level 5. HP: 31/31 MP: 5/5
  2263 | D:3      | Found a faded altar of an unknown god.
  2532 | D:3      | Noticed Sigmund
  2536 | D:3      | Killed Sigmund
  2537 | D:3      | Reached skill level 5 in Short Blades
  2537 | D:3      | Reached XP level 6. HP: 37/37 MP: 6/6
  2693 | D:3      | Killed kilomeow's ghost
  2738 | D:4      | Reached XP level 7. HP: 42/42 MP: 7/7
  2762 | D:4      | Found a staircase to the Ecumenical Temple.
  2769 | Temple   | Entered the Ecumenical Temple
  2884 | Temple   | Became a worshipper of Uskayaw the Reveller
  3108 | D:4      | Reached * piety under Uskayaw
  4006 | D:5      | Entered Level 5 of the Dungeon
  4151 | D:5      | Found a sacrificial altar of Ru.
  4338 | D:4      | Reached skill level 5 in Dodging
  4717 | D:5      | Reached ** piety under Uskayaw
  5039 | D:5      | Noticed Ijyb
  5043 | D:5      | Killed Ijyb
  5423 | D:5      | Reached skill level 1 in Invocations
  5432 | D:5      | Slain by an ogre

Illustrated notes

Levels and vault maps discovered:
D:1:      lemuel_arrival_behind_the_door_large, layout_rooms
D:2:      layout_loops_ring, basic_altar
D:3:      layout_loops_ring, gammafunk_ghost_grave, basic_ecumenical_altar,
          uniq_sigmund, uniq_terence
D:4:      layout_basic, minmay_temple_entry_stoned_glass
D:5:      layout_gridville, nicolae_ru_awakened_eye, uniq_ijyb
Temple:   compressed_dpeg_triangle_lava_temple

Skill      XL: |  1  2  3  4  5  6  7 |
---------------+----------------------+-----
Short Blades   | 3 4 5 6 |  6.4
Dodging        | 2 3 4 5 |  5.4
Stealth        | 6 |  6.9
Fighting       | 3 |  3.9
Invocations    | 1 |  1.1
Throwing       | |  2.1

Action                   |  1- 3 |  4- 6 |  7- 9 || total
-------------------------+-------+-------+-------++-------
Melee: Dagger            |    81 |    63 |   114 ||   258
Throw: Dart              |     2 |       |     4 ||     6
Invok: Stomp             |       |       |     3 ||     3
       Line Pass         |       |       |     2 ||     2
  Use: Scroll            |     2 |     3 |     4 ||     9
 Stab: Sleeping          |    20 |     9 |     7 ||    36
       Distracted        |       |     1 |       ||     1
Armor: Robe              |    10 |       |       ||    10
       Ring mail         |       |    16 |    10 ||    26
Dodge: Dodged            |    42 |    28 |    37 ||   107
Block: Other             |       |       |    21 ||    21

Table legend: (Time is in decaauts)
 A = Elapsed time spent in this place.
 B = Non-inter-level travel time spent in this place.
 C = Inter-level travel time spent in this place.
 D = Time resting spent in this place.
 E = Time spent auto-exploring this place.
 F = Levels seen in this place.
 G = Mean time per level.
                   A        B        C        D        E       F      G
               +--------+--------+--------+--------+--------+-----+--------+
         Total |   5375 |   5286 |     89 |    718 |   3948 |   6 |  895.8 |
       Dungeon |   5049 |   4981 |     68 |    718 |   3661 |   5 | 1009.8 |
        Temple |    325 |    304 |     21 |      0 |    287 |   1 |  325.0 |
               +--------+--------+--------+--------+--------+-----+--------+

Top non-repeatable levels by time:
     D:4: 1671 daAuts
     D:1: 1165 daAuts
     D:3: 986 daAuts
     D:5: 670 daAuts
     D:2: 554 daAuts
  Temple: 325 daAuts
